 Dungeon Crawl Stone Soup version 0.17-a0-1468-gbf503c2 (webtiles) character file.

2370 hexophile the Magician (level 9, -3/79 HPs)
             Began as a Naga Wizard on July 2, 2015.
             Was a Believer of Cheibriados.
             Slain by a hill giant
             ... wielding a +0 giant club
              (35 damage)
             ... on level 8 of the Dungeon.
             The game lasted 00:26:13 (10408 turns).

hexophile the Magician (Naga Wizard)               Turns: 10408, Time: 00:26:13

Health: -3/79      AC: 10    Str: 15    XL:     9   Next: 45%
Magic:  9/16       EV:  8    Int: 29    God:    Cheibriados [**....]
Gold:   419        SH:  0    Dex: 15    Spells: 7 memorised, 2 levels left

rFire  + . .     SeeInvis +     r - +5 trident
rCold  . . .     Clarity  .     a - +0 robe
rNeg   . . .     SustAt   .     (no shield)
rPois  +         Gourm    +     b - +0 hat
rElec  .         Spirit   .     (no cloak)
rCorr  .         Warding  .     (no gloves)
rMut   .         Stasis   .     f - +2 naga barding
MR     +....                    w - amulet of the gourmand
Stlth  ++........               (no ring)
                                (no ring)

@: repel missiles, very slow, somewhat resistant to hostile enchantments,
unstealthy
A: horns 1, see invisible, deformed body, fire resistance 1, low mp 1, poison
resistance, slowness 2, slow metabolism 1, spit poison 2, AC +3
a: Spit Poison, Bend Time, Renounce Religion


You were on level 8 of the Dungeon.
You worshipped Cheibriados.
Cheibriados was pleased with you.
You were not hungry.

You visited 2 branches of the dungeon, and saw 9 of its levels.

You collected 419 gold pieces.

Inventory:

Hand weapons
 r - a +5 trident (weapon)
Missiles
 p - 252 stones (quivered)
Armour
 a - a +0 robe (worn)
 b - a +0 hat (worn)
 f - a +2 naga barding (worn)
 h - a +0 buckler
Jewellery
 w - an amulet of the gourmand (around neck)
Magical devices
 g - a wand of cold (0)
 t - a wand of paralysis (2)
 y - a wand of cold (11)
Scrolls
 i - 3 scrolls of immolation
 k - a scroll of magic mapping
 m - 3 scrolls of teleportation
 n - a scroll of recharging
 v - a scroll of blinking {unknown}
Potions
 e - a potion of ambrosia
 l - a potion of magic
 s - a potion of flight
 z - 2 potions of lignification
 A - 2 potions of curing
Books
 c - a book of Minor Magic

   Spells                             Type                      Level
   a - Magic Dart                     Conjuration                  1
   b - Blink                          Translocation                2
   c - Call Imp                       Summoning                    2
   d - Repel Missiles                 Charms/Air                   2
   e - Slow                           Hexes                        2
   f - Conjure Flame                  Conjuration/Fire             3
   g - Mephitic Cloud                 Conjuration/Poison/Air       3
 o - a book of Transfigurations

   Spells                             Type                      Level
   a - Stoneskin                      Transmutation/Earth          2
   b - Irradiate                      Conjuration/Transmutation    5
   c - Statue Form                    Transmutation/Earth          6
   d - Hydra Form                     Transmutation                6
   e - Dragon Form                    Transmutation                7
 q - a book of Air

   Spells                             Type                      Level
   a - Shock                          Conjuration/Air              1
   b - Swiftness                      Charms/Air                   2
   c - Repel Missiles                 Charms/Air                   2
   d - Static Discharge               Conjuration/Air              3
   e - Lightning Bolt                 Conjuration/Air              5
Comestibles
 d - 4 bread rations
 j - 2 beef jerkies
 u - 2 meat rations


   Skills:
 * Level 4.4 Fighting
 - Level 2.0 Dodging
 - Level 3.0 Stealth
 * Level 6.4 Spellcasting
 * Level 6.1 Conjurations
   Level 1.0 Summonings
 - Level 1.0 Translocations
 - Level 3.5 Fire Magic
 * Level 6.0 Air Magic


You had 2 spell levels left.
You knew the following spells:

 Your Spells              Type           Power        Failure   Level  Hunger
a - Magic Dart            Conj           ####         1%          1    None
b - Blink                 Tloc           N/A          6%          2    None
c - Conjure Flame         Conj/Fire      #####...     2%          3    None
d - Mephitic Cloud        Conj/Pois/Air  ####....     3%          3    None
e - Repel Missiles        Chrm/Air       ####..       2%          2    None
f - Stoneskin             Trmt/Erth      #.......     10%         2    None
g - Lightning Bolt        Conj/Air       #####.....   14%         5    #####..


Dungeon Overview and Level Annotations

Branches:
Dungeon (8/15)             Temple (1/1) D:5
   Lair: D:8-11

Altars:
Cheibriados
Elyvilon
Fedhas
Makhleb
Nemelex Xobeh
Qazlal
Ru
Sif Muna
Trog
Vehumet
Xom
Yredelemnul
Zin
The Shining One

Shops:
D:4 :

Annotations:
D:6 Damn menkaure
D:7 beeeeeeesss!!!!


Innate Abilities, Weirdness & Mutations

You cannot wear boots.
Your serpentine skin is tough (AC +3).
You have supernaturally acute eyesight.
Armour fits poorly on your strangely shaped body.
Your system is resistant to poisons.
You cover ground very slowly.
You have a slow metabolism.
You can spit poison.
You have a pair of small horns on your head.
Your flesh is heat resistant.
Your magical capacity is low (-10% MP).


Message History

Aiming: Conjure Flame
Press: ? - help, Dir - move target cursor, p - hill giant The fire roars!
The hill giant ponders the situation.
The hill giant seems less confused.
The hill giant is engulfed in roaring flames.
You hit the hill giant. You headbutt the hill giant.
The hill giant is moderately wounded.
The hill giant hits you with a giant club!!
You barely miss the hill giant. You headbutt the hill giant.
The hill giant is moderately wounded.
The hill giant hits you with a giant club!
Casting: Conjure Flame
Confirm with . or Enter, or press ? or * to list all spells.
You blink.
Casting: Blink
Confirm with . or Enter, or press ? or * to list all spells.
You blink.
The hill giant hits you with a giant club!!
You die...

#.....g....Cgc.
#.##...###.####
#......# #
#..##..#
#.#..##..#
#........#
####§#####
######.##
#....C@.#
#.§.....#
#.......#
#..#.##.#
#..#.<#.#
#.......#
##......#
####.### #..


You could see a hill giant.

Vanquished Creatures
  A hungry ghost (D:7)
  Menkaure (D:6)
  2 orc warriors
  2 ice beasts
  An ogre (D:7)
  A sky beast (D:4)
  3 phantoms
  5 giant frogs
  6 killer bees (D:7)
  A jelly (D:6)
  5 crimson imps
  3 hounds
  A quasit (D:6)
  2 orc priests
  2 worker ants
  An orc wizard (D:6)
  5 adders
  2 oozes (D:3)
  2 adder zombies
  An adder skeleton (D:7)
  4 worms
  5 giant geckos
  24 orcs
  A ball python (D:4)
  17 bats
  A bat zombie (D:6)
  6 giant cockroaches
  13 hobgoblins
  7 jackals
  5 quokkas
  6 giant newts
  12 goblins
  10 kobolds
  A quokka zombie (D:6)
  10 rats
169 creatures vanquished.

Notes
Turn   | Place    | Note
--------------------------------------------------------------
     0 | D:1      | hexophile the Naga Wizard began the quest for the Orb.
     0 | D:1      | Reached XP level 1. HP: 15/15 MP: 4/4
   293 | D:1      | Reached XP level 2. HP: 8/22 MP: 1/6
  1608 | D:2      | Reached XP level 3. HP: 28/28 MP: 3/7
  1838 | D:2      | Learned a level 2 spell: Blink
  1842 | D:2      | Learned a level 3 spell: Conjure Flame
  2270 | D:2      | Learned a level 3 spell: Mephitic Cloud
  2534 | D:2      | Reached XP level 4. HP: 36/36 MP: 1/9
  3164 | D:2      | Reached skill level 1 in Fire Magic
  3164 | D:2      | Reached skill level 1 in Air Magic
  3391 | D:2      | Gained mutation: Your magical capacity is low (-10% MP). [potion of mutation]
  3391 | D:2      | Gained mutation: You have a pair of small horns on your head. [potion of mutation]
  3391 | D:2      | Gained mutation: Your flesh is heat resistant. [potion of mutation]
  3738 | D:3      | Noticed a giant frog
  3747 | D:3      | Killed a giant frog
  3747 | D:3      | Reached XP level 5. HP: 14/42 MP: 0/9
  3971 | D:3      | Reached skill level 4 in Spellcasting
  5132 | D:3      | Found a sacrificial altar of Ru.
  5258 | D:4      | Noticed a phantom
  5282 | D:4      | Killed a phantom
  5282 | D:4      | Reached XP level 6. HP: 36/49 MP: 11/11
  5653 | D:4      | Learned a level 2 spell: Repel Missiles
  5769 | D:4      | Found Esma's Book Shop.
  5904 | D:4      | Noticed a sky beast
  5913 | D:4      | Killed a sky beast
  5913 | D:4      | Reached XP level 7. HP: 55/55 MP: 9/12
  6264 | D:5      | Entered Level 5 of the Dungeon
  6660 | D:5      | Found a staircase to the Ecumenical Temple.
  6670 | Temple   | Entered the Ecumenical Temple
  6735 | Temple   | Became a worshipper of Cheibriados the Contemplative
  7365 | D:6      | Noticed Menkaure
  7778 | D:6      | Killed Menkaure
  7778 | D:6      | Reached skill level 1 in Fighting
  7960 | D:6      | Reached XP level 8. HP: 65/67 MP: 4/13
  8345 | D:6      | Acquired Cheibriados's first power
  8398 | D:6      | Reached skill level 5 in Spellcasting
  8788 | D:6      | Got a fine leather armour
  8794 | D:6      | Identified the +3 leather armour of Weirdness {MR+ rCorr Int-5} (You found it on level 6 of the Dungeon)
  8910 | D:6      | Reached skill level 5 in Conjurations
  9044 | D:6      | Reached skill level 5 in Air Magic
  9506 | D:7      | Learned a level 2 spell: Stoneskin
  9629 | D:7      | Learned a level 5 spell: Lightning Bolt
  9777 | D:7      | Reached XP level 9. HP: 68/78 MP: 5/15
  9892 | D:7      | Found a white marble altar of Elyvilon.
  9945 | D:7      | Reached skill level 6 in Spellcasting
  9993 | D:7      | Paralysed by a goblin for 7 turns
 10001 | D:7      | Paralysed by a goblin for 3 turns
 10385 | D:8      | Noticed a hill giant
 10408 | D:8      | Slain by a hill giant

Vault maps used:
D:1:      elethiomel_arrival_shortcut
D:3:      nicolae_ru_path_of_blood
D:4:      serial_shops, shop, first_bread
D:5:      temple_green
D:6:      uniq_menkaure
D:7:      elyvilon_altar_4
D:8:      uniq_joseph
Temple:   circular_temple_13

Action                   |  1- 3 |  4- 6 |  7- 9 || total
-------------------------+-------+-------+-------++-------
Melee: Club              |    30 |    30 |       ||    60
       Trident           |       |   110 |   182 ||   292
 Cast: Magic Dart        |    79 |   101 |    93 ||   273
       Conjure Flame     |       |     5 |    10 ||    15
       Mephitic Cloud    |       |     1 |    10 ||    11
       Stoneskin         |       |       |     2 ||     2
       Repel Missiles    |       |       |     1 ||     1
       Blink             |       |       |     3 ||     3
       Lightning Bolt    |       |       |     1 ||     1
 Abil: Spit Poison       |     9 |     6 |     6 ||    21
Evoke: Wand              |       |       |     4 ||     4
  Use: Potion            |     3 |     3 |     4 ||    10
       Scroll            |     1 |     6 |     8 ||    15
 Stab: Confused          |       |     2 |     4 ||     6
       Sleeping          |       |     5 |     6 ||    11
  Eat: Chunk             |     3 |     9 |    16 ||    28
